 Dungeon Crawl Stone Soup version 0.23.1-37-gaa34b87b72 (webtiles) character file.

Game seed: 12437732184863738000

26 Acheron the Caller (level 3, 0/17 HPs)
             Began as a Vine Stalker Summoner on Mar 27, 2019.
             Succumbed to an adder's poison
             ... on level 2 of the Dungeon.
             The game lasted 00:08:14 (858 turns).

Acheron the Caller (Vine Stalker Summoner)           Turns: 858, Time: 00:08:15

Health: 0/17       AC:  4    Str: 10    XL:     3   Next: 8%
Magic:  0/7        EV: 12    Int: 15    God:
Gold:   57         SH:  0    Dex: 15    Spells: 5/6 levels left

rFire    . . .     SeeInvis .   l - +0 rapier
rCold    . . .     Gourm    .   (no shield)
rNeg     . . .     Faith    .   f - +0 leather armour
rPois    .         Spirit   +   (no helmet)
rElec    .         Reflect  .   (no cloak)
rCorr    .         Harm     .   k - +0 pair of gloves (curse)
MR       .....                  (no boots)
Stlth    ++........             (no amulet)
HPRegen  0.05/turn              (no ring)
MPRegen  0.10/turn              (no ring)

@: lethally poisoned (0 -> -9)
A: fangs 2, magic shield, antimagic bite, no potion heal 3, rot immunity
a: no special abilities


You were on level 2 of the Dungeon.
You were not hungry.

You visited 1 branch of the dungeon, and saw 2 of its levels.

You collected 57 gold pieces.

Inventory:

Hand Weapons
 e - a +0 dagger
 l - a +0 rapier (weapon)
Missiles
 b - 52 stones (quivered)
 g - 76 sling bullets
Armour
 f - a +0 leather armour (worn)
 k - a cursed +0 pair of gloves (worn)
Potions
 d - 3 potions of curing {unknown}
 j - a potion of invisibility {unknown}
Comestibles
 c - 3 rations
 h - 2 chunks of flesh


   Skills:
 * Level 0.7 Fighting
 * Level 0.4 Short Blades
 * Level 1.6 Dodging
 * Level 2.6 Stealth
 + Level 2.3 Spellcasting
 + Level 4.5 Summonings


You had 5 spell levels left.
You knew the following spells:

 Your Spells              Type           Power        Failure   Level  Hunger
a - Summon Small Mammal   Summ           ###.         4%          1    #......

Your spell library contained the following spells:

 Spells                   Type           Power        Failure   Level  Hunger
 Call Imp                 Summ           ###.....     7%          2    ###....
 Call Canine Familiar     Summ           ###.....     14%         3    ###....
 Summon Guardian Golem    Hex/Summ       #.......     34%         3    ###....
 Summon Ice Beast         Ice/Summ       #.......     75%         4    #####..
 Summon Lightning Spire   Summ/Air       #.......     75%         4    #####..


Dungeon Overview and Level Annotations

Branches:
Dungeon (2/15)

Altars:

Annotations:
D:1 exclusion: downstairs
D:2 Sigmund


Innate Abilities, Weirdness & Mutations

You have extremely sharp teeth.
When hurt, damage is shared between your health and your magic reserves.
Your bite disrupts and absorbs the magic of your enemies.
Potions cannot restore your health.
You are immune to rotting.


Message History

* * * LOW HITPOINT WARNING * * *
You are lethally poisoned!
The adder poisons you!
You hit the adder but do no damage.
The adder is moderately wounded.
* * * LOW HITPOINT WARNING * * *
You feel sick. The adder closely misses you. x2
* * * LOW HITPOINT WARNING * * *
You feel sick.
You closely miss the adder. Your bite misses the adder.
The adder is lightly wounded.
The adder bites you but does no damage. The adder barely misses you.
You hit the adder but do no damage. Your bite misses the adder.
The adder is lightly wounded.
The adder bites you.
You are more poisoned.
The adder poisons you!
You miss the adder. Your bite misses the adder.
The adder is lightly wounded.
You die...

...#####.(.
#####.<.....
......§§§#
#......###..
#§# ##.####.#
#§## #..# #.#
#.. ##§§#
#.#####.# #..
#§§§#
#.#.....# #..
#§#.###
##...##### ##.
#.#.S.###...##
#..
#.###@#.....#
#.. #.
#.....### #..
#. #..#..# ...
..#...##...#
##.
..........#.#
##
(...#.#####...
# ...... #...
g.##.. .##. ..
#.# .≈..


You could see an adder.

Vanquished Creatures
  A worm (D:2)
  2 goblins (D:1)
  4 hobgoblins
  7 bats
  2 kobolds (D:1)
  2 rats
18 creatures vanquished.

Vanquished Creatures (collateral kills)
  A hobgoblin (D:1)
  4 bats (D:1)
  A rat (D:1)
6 creatures vanquished.

Grand Total: 24 creatures vanquished

Notes
Turn   | Place    | Note
-------+----------+-------------------------------------------
     0 | D:1      | Acheron the Vine Stalker Summoner began the quest for the
                  | Orb.
     0 | D:1      | Reached XP level 1. HP: 9/9 MP: 4/4
   226 | D:1      | Reached XP level 2. HP: 13/14 MP: 6/6
   723 | D:2      | Found a faded altar of an unknown god.
   729 | D:2      | Noticed Sigmund
   838 | D:2      | Reached XP level 3. HP: 5/17 MP: 5/7
   858 | D:2      | Succumbed to an adder's poison

Action                   || total
-------------------------++-------
Melee: Dagger            ||    32
       Bite              ||     7
       Unarmed           ||     2
       Rapier            ||    15
 Cast: Summon Small Mamm ||    13
  Use: Scroll            ||     2
 Stab: Sleeping          ||     6
Armor: Leather armour    ||    23
       Robe              ||     1
Dodge: Dodged            ||    26
